 Dungeon Crawl Stone Soup version 0.20.1-1-g8b1a95d (webtiles) character file.

38 equalderp2856 the Magician (level 3, -1/14 HPs)
             Began as a Felid Wizard on Sept 26, 2017.
             Slain by an adder (4 damage)
             ... on level 3 of the Dungeon.
             The game lasted 00:04:05 (1607 turns).

equalderp2856 the Magician (Felid Wizard)           Turns: 1607, Time: 00:04:06

Health: -1/14      AC:  1    Str: 10    XL:     3   Next: 25%
Magic:  3/9        EV: 18    Int: 20    God:
Gold:   64         SH:  0    Dex: 14    Spells: 8/9 levels left
                                        Lives:  0   Deaths: 0

rFire    . . .     SeeInvis +   (weapon unavailable)
rCold    . . .     Gourm    .   (shield unavailable)
rNeg     . . .     Faith    .   (armour unavailable)
rPois    .         Spirit   .   (helmet unavailable)
rElec    .         Reflect  .   (cloak unavailable)
rCorr    .         Harm     .   (gloves unavailable)
MR       .....                  (boots unavailable)
Stlth    +++.......             (no amulet)
Regen    0.1/turn               j - +3 ring of strength
MPRegen  0.2/turn               i - +4 ring of strength

@: very slightly contaminated, quick
A: no armour, no weapons or thrown items, stealth, claws 1, fangs 3, see
invisible, carnivore 3, speed 1, shaggy fur 1, slow metabolism 1, sharp paws
a: no special abilities


You were on level 3 of the Dungeon.
You were not hungry.

You visited 1 branch of the dungeon, and saw 3 of its levels.

You collected 64 gold pieces.

Inventory:

Jewellery
 h - an uncursed ring of positive energy
 i - a +4 ring of strength (right paw)
 j - a +3 ring of strength (left paw)
 k - an uncursed ring of flight {unknown}
Scrolls
 c - 4 scrolls of remove curse {unknown}
 d - a scroll of enchant armour {unknown}
Potions
 e - 2 potions of brilliance {unknown}
 f - a potion of ambrosia {unknown}
 g - a potion of curing {unknown}
 l - a potion of might {unknown}
Books
 a - a book of Minor Magic

   Spells                             Type                      Level
   a - Magic Dart                     Conjuration                  1
   b - Blink                          Translocation                2
   c - Call Imp                       Summoning                    2
   d - Slow                           Hexes                        2
   e - Conjure Flame                  Conjuration/Fire             3
   f - Mephitic Cloud                 Conjuration/Poison/Air       3
Comestibles
 b - a meat ration


   Skills:
 + Level 3.3 Dodging
 + Level 3.0 Stealth
 + Level 3.8 Spellcasting
 + Level 1.0 Conjurations
   Level 1.0 Summonings
   Level 1.5 Translocations


You had 8 spell levels left.
You knew the following spells:

 Your Spells              Type           Power        Failure   Level  Hunger
a - Magic Dart            Conj           #...         9%          1    None


Dungeon Overview and Level Annotations

Branches:
Dungeon (3/15)

Altars:


Innate Abilities, Weirdness & Mutations

You cannot wear armour.
You are incapable of wielding weapons or throwing items.
Your paws allow you to move quietly. (Stealth)
You have sharp claws.
You have razor-sharp teeth.
You have supernaturally acute eyesight. (SInv)
You are carnivorous and can eat meat at any time.
You cover ground quickly.
You are covered in fur. (AC +1)
You have a slow metabolism.
Your sharp claws are effective at attacking unaware monsters.


Message History

The adder bites you.
* * * LOW HITPOINT WARNING * * *
Unknown command.
Casting: Magic Dart
Confirm with . or Enter, or press ? or * to list all spells.
Aiming: Magic Dart
Press: ? - help, Shift-Dir - straight line, f/p - adder
Aim: an adder (heavily wounded)
You miscast Magic Dart.
You are very lightly contaminated with residual magic.
Strange energies run through your body. The adder misses you.
Casting: Magic Dart
Confirm with . or Enter, or press ? or * to list all spells.
Aiming: Magic Dart
Press: ? - help, Shift-Dir - straight line, f/p - adder
Aim: an adder (heavily wounded)
The magic dart hits the adder.
The adder is almost dead.
The adder bites you.
You die...

###
..#
#.#
#.#
#S#
#@#
###


You could see an adder.

Vanquished Creatures
  An ooze (D:2)
  A dart slug (D:2)
  2 bats (D:1)
  4 giant cockroaches
  6 goblins
  3 hobgoblins (D:2)
  4 jackals (D:1)
  2 frilled lizards (D:2)
  2 kobolds
  3 rats
28 creatures vanquished.

Notes
Turn   | Place    | Note
-------+----------+-------------------------------------------
     0 | D:1      | equalderp2856 the Felid Wizard began the quest for the Orb.
     0 | D:1      | Reached XP level 1. HP: 7/7 MP: 5/5
   441 | D:1      | Reached XP level 2. HP: 11/11 MP: 5/7
  1018 | D:2      | Reached XP level 3. HP: 13/14 MP: 1/9
  1067 | D:2      | Found a faded altar of an unknown god.
  1098 | D:2      | Reached skill level 1 in Conjurations
  1607 | D:3      | Slain by an adder

Skill      XL: |  1  2  3 |
---------------+----------+-----
Dodging        | 3 |  3.3
Stealth        | 3 |  3.0
Conjurations   | 1 |  1.0
Spellcasting   | |  3.8
Summonings     | |  1.0
Translocations | |  1.5

Action                   || total
-------------------------++-------
Melee: Unarmed           ||    30
       Bite              ||     5
 Cast: Magic Dart        ||    79
 Stab: Sleeping          ||     1
Armor: Skin              ||     4
Dodge: Dodged            ||    65
